 Dungeon Crawl Stone Soup version 0.31-a0-1091-g283494c966 (webtiles) character file.

Game seed: 202403326721780058

39 senseless the Ruffian (level 3, -2/72 (73) HPs)
             Began as a Troll Shapeshifter on Nov 28, 2023.
             Slain by Crazy Yiuf
             ... wielding a +2 quarterstaff of chaos
              (5 damage)
             ... on level 2 of the Dungeon.
             The game lasted 00:03:09 (1554 turns).

senseless the Ruffian (Troll Shapeshifter)          Turns: 1554, Time: 00:03:09

HP:   -2/72 (73)    AC: 21    Str: 24    XL:     3   Next: 28%
MP:   2/2           EV:  1    Int:  6    God:
Gold: 103           SH:  0    Dex:  9    Spells: 2/2 levels left

rFire   . .          .
                       - Unarmed
rCold   . . .        (no shield)
rNeg    . . .        a - melded +0 animal skin
rPois   +            (helmet currently unavailable)
rElec   .            (cloak currently unavailable)
rCorr   .            (gloves unavailable)
SInv    .            (boots unavailable)
Will    .....        i - amulet of faith Stlth
                     (no ring)
HPRegen 1.12/turn    (no ring)
MPRegen 0.08/turn

%: faith
@: berserking, tree-form, lightly drained, very quick
A: stationary, stasis, torment immunity, boosted hp, large, unfitting armour,
(claws 3), regeneration 1, (shaggy fur 1), (tough skin 1)
a: no special abilities


You were on level 2 of the Dungeon.
You were a tree.
You visited 1 branch of the dungeon, and saw 2 of its levels.

You collected 103 gold pieces.

Inventory:

Missiles
 m - 2 darts of dispersal (quivered)
Armour
 a - a +0 animal skin (melded)
Jewellery
 i - an amulet of faith (around neck)
Talismans
 c - a beast talisman
 d - a flux talisman
Scrolls
 f - 3 scrolls of poison {unknown}
 h - a scroll of identify {unknown}
 k - a scroll of enchant weapon {unknown}
 l - a scroll of fear {unknown}
Potions
 b - a potion of lignification
 e - 2 potions of enlightenment {unknown}
 g - a potion of brilliance {unknown}
 j - 2 potions of invisibility {unknown}
 n - a potion of heal wounds {unknown}
 o - a potion of curing {unknown}
 p - a potion of mutation {unknown}


   Skills:
 + Level 1.4 Fighting
 + Level 2.0 Dodging
 + Level 3.4 Unarmed Combat
 + Level 3.3 Shapeshifting


You had 2 spell levels left.
You didn't know any spells.
Your spell library contained the following spells:

 Spells                   Type           Power      Damage    Failure   Level
 Blink                    Tloc           0%         N/A       58%         2
 Lesser Beckoning         Tloc           0%         N/A       58%         2
 Momentum Strike          Conj/Tloc      0%         3d8       58%         2


Dungeon Overview and Level Annotations

Branches:
Dungeon (2/15)

Altars:
Zin

Annotations:
D:2 Crazy Yiuf


Innate Abilities, Weirdness & Mutations

You are a tree.
Your roots penetrate the ground, keeping you stationary.
You cannot be teleported.
You are immune to unholy pain and torment.
Your maximum health is greatly increased.
Your equipment is partially melded.
You are too large for most types of armour.
((You have claws for hands.))
Your natural rate of healing is unusually fast.
((You are covered in fur. (AC +1)))
((You have tough skin. (AC +1)))


Message History

Crazy Yiuf hits you with a +2 quarterstaff of chaos.
* * * LOW HITPOINT WARNING * * *
Crazy Yiuf burns you.
* * * LOW HITPOINT WARNING * * *
You hit Crazy Yiuf. You punch Crazy Yiuf.
Crazy Yiuf is almost dead.
Crazy Yiuf hits you with a +2 quarterstaff of chaos.
* * * LOW HITPOINT WARNING * * *
You are confused.
You cannot move. (Use ctrl+direction or * direction to attack while stationary and confused.)
You cannot move. (Use ctrl+direction or * direction to attack while stationary and confused.)
You cannot move. (Use ctrl+direction or * direction to attack while stationary and confused.)
You attack the stone wall.
Crazy Yiuf hits you but does no damage.
A red film seems to cover your vision as you go berserk!
You feel yourself moving faster!
You feel mighty!
You barely miss Crazy Yiuf.
Crazy Yiuf is almost dead.
Crazy Yiuf hits you with a +2 quarterstaff of chaos.
* * * LOW HITPOINT WARNING * * *
Crazy Yiuf burns you.
* * * LOW HITPOINT WARNING * * *
You attack the stone wall.
You barely miss Crazy Yiuf.
Crazy Yiuf is almost dead.
Crazy Yiuf hits you with a +2 quarterstaff of chaos.
* * * LOW HITPOINT WARNING * * *
Crazy Yiuf freezes you.
* * * LOW HITPOINT WARNING * * *
You barely miss Crazy Yiuf.
Crazy Yiuf is almost dead.
Crazy Yiuf screams, "Pitchfork unthinkable action!"
Crazy Yiuf hits you with a +2 quarterstaff of chaos.
* * * LOW HITPOINT WARNING * * *
Crazy Yiuf draws strength from your wounds!
You attack the rock wall.
You feel less confused.
You closely miss Crazy Yiuf.
Crazy Yiuf is almost dead.
Crazy Yiuf hits you with a +2 quarterstaff of chaos.
You die...

####.#.#.#.###....######.###.####
#.#.#.#.# #....# ###.#.....## ##
#.#.#.#.# #PPP.# #...#.....'.
.###.#.#.#.# #.P.## #####.....##
.#.....#...# ##.## ###.....
.#.#.#####.# #.## #.###. .#.#.#
#..# ##.# #######.###. .#.#.#
#..# #.## #.........#. .#.#.#
#..# ##♣# #######.#.#. .#.#.#
#<.# #g# ##+#.#. .#.#.# ##.# ...
#...... ##.#.# #.# #...# #....##
##.#.# #.# #..)# #....#.
...#.#####.# ##### #(...#.
..##.......# ######+#.#<
..########### #######........##
...## #.# #.....#..........


You could see Crazy Yiuf.

Vanquished Creatures
  An adder (D:2)
  2 dart slugs
  2 ball pythons (D:1)
  2 bats (D:1)
  3 endoplasms
  4 goblins (D:1)
  2 hobgoblins
  A quokka (D:2)
  5 frilled lizards
  3 kobolds
  A rat (D:1)
26 creatures vanquished.

Notes
Turn   | Place    | Note
-------+----------+-------------------------------------------
     0 | D:1      | senseless the Troll Shapeshifter began the quest for the
                  | Orb.
     0 | D:1      | Reached XP level 1. HP: 18/18 MP: 0/0
   186 | D:1      | Reached skill level 1 in Fighting
   271 | D:1      | Reached XP level 2. HP: 27/27 MP: 1/1
   987 | D:2      | Reached XP level 3. HP: 33/33 MP: 2/2
  1139 | D:2      | Found a glowing silver altar of Zin.
  1362 | D:2      | Found a runed translucent door.
  1363 | D:2      | Noticed Crazy Yiuf
  1552 | D:2      | HP: 1/72 [Crazy Yiuf/+2 quarterstaff of chaos (5)]
  1554 | D:2      | Slain by Crazy Yiuf

Illustrated notes

Levels and vault maps discovered:
D:1:      roderic_octagonal_star, layout_loops_corners
D:2:      layout_basic, basic_altar, uniq_crazy_yiuf_cottage

Skill      XL: |  1  2 |
---------------+-------+-----
Fighting       | 1 |  1.4
Dodging        | 2 |  2.0
Unarmed Combat | |  3.4
Shapeshifting  | |  3.3

Action                     || total
---------------------------++-------
  Melee: Unarmed           ||    58
         Punch             ||     4
    Use: Potion            ||     1
   Stab: Sleeping          ||     1
 Armour: Animal skin       ||    29
         Skin              ||     8
  Dodge: Dodged            ||    25

Table legend: (Time is in decaauts)
 A = Elapsed time spent in this place.
 B = Non-inter-level travel time spent in this place.
 C = Inter-level travel time spent in this place.
 D = Time resting spent in this place.
 E = Time spent auto-exploring this place.
 F = Levels seen in this place.
 G = Mean time per level.
                   A        B        C        D        E       F      G
               +--------+--------+--------+--------+--------+-----+--------+
         Total |   1548 |   1513 |     35 |      0 |   1327 |   2 |  774.0 |
       Dungeon |   1548 |   1513 |     35 |      0 |   1327 |   2 |  774.0 |
               +--------+--------+--------+--------+--------+-----+--------+

Top non-repeatable levels by time:
     D:1: 805 daAuts
     D:2: 743 daAuts
